 Dungeon Crawl Stone Soup version 0.17-a0-157-g289cc6a (webtiles) character file.

377 Grim the Insei (level 6, -8/47 HPs)
             Began as a Demonspawn Monk on Mar 25, 2015.
             Was a Believer of Cheibriados.
             Mangled by Sigmund
             ... wielding a +1 scythe of slicing
              (9 damage)
             ... on level 4 of the Dungeon.
             The game lasted 00:10:03 (2907 turns).

Grim the Insei (Demonspawn Monk)                    Turns: 2907, Time: 00:10:04

Health: -8/47      AC:  7    Str: 20    XL:     6   Next: 45%
Magic:  6/6        EV: 12    Int: 16    God:    Cheibriados [**....]
Gold:   123        SH:  0    Dex: 23    Spells: 0 memorised, 5 levels left

rFire  . . .     SeeInvis .       - Unarmed
rCold  . . .     Clarity  .     e - +0 scale mail
rNeg   . . .     SustAb   .     (no shield)
rPois  .         Gourm    .     r - +0 hat
rElec  .         Spirit   .     (no cloak)
rCorr  .         Warding  .     (no gloves)
rMut   .         Stasis   .     (no boots)
MR     .....                    (no amulet)
Stlth  ..........               n - +4 ring of dexterity
                                i - +3 ring of strength

@: confused, very slow, not resistant to hostile enchantments, extremely
unstealthy
A: horns 2, icy blue scales 1, powered by pain 2
a: Bend Time, Renounce Religion


You were on level 4 of the Dungeon.
You worshipped Cheibriados.
Cheibriados was pleased with you.
You were not hungry.

You visited 2 branches of the dungeon, and saw 5 of its levels.

You collected 123 gold pieces.

Inventory:

Armour
 e - a +0 scale mail (worn)
 r - a +0 hat (worn)
Jewellery
 i - a +3 ring of strength (left hand)
 n - a +4 ring of dexterity (right hand)
Magical devices
 t - a wand of draining (8)
Scrolls
 a - 3 scrolls of identify {unknown}
 c - a scroll of magic mapping {unknown}
 d - 3 scrolls of remove curse {unknown}
 f - 2 scrolls of recharging {unknown}
 h - a scroll of amnesia {unknown}
 j - a scroll of noise {unknown}
 q - 2 scrolls of enchant weapon {unknown}
 s - a scroll of teleportation {unknown}
Potions
 k - a potion of curing {unknown}
 l - 2 potions of agility {unknown}
 u - a potion of resistance {unknown}
Books
 o - an Akashic Record {highlevel, unknown}

   This book is beyond your current level of understanding.

   Spells                             Type                      Level
   a - Dispersal                      Translocation                6
   b - Controlled Blink               Translocation                7
   c - Malign Gateway                 Summoning/Translocation      7
   d - Disjunction                    Translocation                8
   e - Singularity                    Translocation                9
Comestibles
 b - 2 bread rations
 g - a beef jerky
 m - a meat ration


   Skills:
 * Level 3.4 Fighting
 + Level 2.8 Dodging
 - Level 1.7 Stealth
 - Level 6.9 Unarmed Combat


You had 5 spell levels left.
You didn't know any spells.

Dungeon Overview and Level Annotations

Branches:
Dungeon (4/15)             Temple (1/1) D:4

Altars:
Ashenzari
Cheibriados
Dithmenos
Okawaru
Qazlal
Ru
Sif Muna
Trog
Vehumet
Xom
Yredelemnul
Zin
The Shining One

Annotations:
D:4 Sigmund


Innate Abilities, Weirdness & Mutations

You have a pair of horns on your head.
You are partially covered in icy blue scales (AC +1).
You sometimes gain power by taking damage.


Message History

Something tries to affect you, but you resist.
You hit something. Your headbutt misses something. Something hits you.
* * * LOW HITPOINT WARNING * * *
x2 You bump into the rock wall.
You miss something. You headbutt something!
Something hits you but does no damage.
You bump into the rock wall.
You hit something.
You feel less confused.
You hear a zap.
Your will is overpowered!
You are confused.
You bump into the rock wall.
You hear some strange, mumbled words.
The puff of flame hits you!
* * * LOW HITPOINT WARNING * * *
You bump into the rock wall.
You hear a zap.
Your will is overpowered!
You are more confused.
You closely miss something. Something hits you!
You die...

##.#.##............#
#..#.#######)#####.#
#.##.#### #<# #.# #.
#....# #.# #.# #. ####.#
#.## #.# #. #.# #..# #.#
##.##. #.# ##.## #.#
...?...#####.####...###.#
#?...{@................
##########.####...####.
#.# ##.## #.
...##########.
#.##...#...#..
!.##.⌠.#.⌠...⌠
####..†#...#..
##.###.#### #...#...#..


There were no monsters in sight!

Vanquished Creatures
  Grinder (D:3)
  An iguana (D:4)
  Robin (D:2)
  4 adders
  A giant mite (D:2)
  3 worms
  2 giant geckos (D:3)
  2 oozes
  An orc (D:3)
  4 bats
  A bat skeleton (D:4)
  7 giant cockroaches
  13 hobgoblins
  3 ball pythons
  A ball python skeleton (D:4)
  5 giant newts
  13 goblins
  8 kobolds
  10 rats
81 creatures vanquished.

Notes
Turn   | Place    | Note
--------------------------------------------------------------
     0 | D:1      | Grim, the Demonspawn Monk, began the quest for the Orb.
     0 | D:1      | Reached XP level 1. HP: 18/18 MP: 1/1
   209 | D:1      | Reached skill level 4 in Unarmed Combat
   352 | D:1      | Gained mutation: You have a pair of small horns on your head. [demonic ancestry]
   352 | D:1      | Reached XP level 2. HP: 24/24 MP: 2/2
   446 | D:1      | Found a glowing golden altar of the Shining One.
   853 | D:2      | Gained mutation: You are partially covered in icy blue scales (AC +1). [demonic ancestry]
   853 | D:2      | Reached XP level 3. HP: 27/29 MP: 3/3
  1242 | D:2      | Noticed Robin
  1244 | D:2      | Reached skill level 5 in Unarmed Combat
  1257 | D:2      | Killed Robin
  1257 | D:2      | Gained mutation: You sometimes gain a little power by taking damage. [demonic ancestry]
  1257 | D:2      | Reached XP level 4. HP: 30/35 MP: 4/4
  1619 | D:3      | Noticed Grinder
  1629 | D:3      | Killed Grinder
  1629 | D:3      | Reached skill level 6 in Unarmed Combat
  1629 | D:3      | Gained mutation: You sometimes gain power by taking damage. [demonic ancestry]
  1629 | D:3      | Reached XP level 5. HP: 4/41 MP: 5/5
  1629 | D:3      | Gained mutation: You have a pair of horns on your head. [demonic ancestry]
  1629 | D:3      | Reached XP level 6. HP: 4/47 MP: 6/6
  1629 | D:3      | HP: 1/47 [ooze (3)]
  2713 | D:4      | Found a staircase to the Ecumenical Temple.
  2735 | Temple   | Entered the Ecumenical Temple
  2775 | Temple   | Became a worshipper of Cheibriados the Contemplative
  2775 | Temple   | Acquired Cheibriados' first power
  2851 | D:4      | Noticed Sigmund
  2905 | D:4      | HP: 1/47 [something/puff of flame (14)]
  2907 | D:4      | Mangled by Sigmund

Action                   |  1- 3 |  4- 6 || total
-------------------------+-------+-------++-------
Melee: Unarmed           |   117 |   117 ||   234
  Use: Potion            |     1 |     1 ||     2
 Stab: Sleeping          |     3 |       ||     3
  Eat: Chunk             |     1 |     5 ||     6
